 Dungeon Crawl Stone Soup version 0.31.0-1-g2c135a008e (webtiles) character file.

Game seed: 17598762446977527597

1575 qw the Shooter (level 9, -1/65 HPs)
             Began as a Djinni Hunter on Jan 24, 2024.
             Was a Believer of Okawaru.
             Killed by divine providence
             ... invoked by an orc priest
              (11 damage)
             ... on level 7 of the Dungeon.
             The game lasted 00:00:27 (4602 turns).

qw the Shooter (Djinni Hunter)                      Turns: 4602, Time: 00:00:28

Health: -1/65      AC: 10    Str: 10    XL:     9   Next: 14%
Gold:   247        EV: 12    Int: 11    God:    Okawaru [**....] SH:  0 Dex: 21

rFire   + + .        a - +1 shortbow
rCold   . . .        (shield currently unavailable)
rNeg    . . .        p - +3 ring mail of Skepticism {*Corrode rElec rC+}
rPois   inf          l - +1 helmet
rElec   +            (no cloak)
rCorr   .            (no gloves)
SInv    .            (boots unavailable)
Will    +....        c - amulet of Paumix {Acrobat rElec}
Stlth   +            d - ring of willpower
HPRegen 0.30/turn    (no ring)
MPRegen 0.00/turn

%: corrode self (3%), acrobat, infuse magic (-2 HP)
@: flying
A: sickness immunity, fire resistance 2, cold vulnerability 1, float, innate
caster, HP casting, extra vitality 1
a: Renounce Religion, Heroism


You were on level 7 of the Dungeon.
You worshipped Okawaru.
Okawaru was pleased with you.
You visited 2 branches of the dungeon, and saw 8 of its levels.

You collected 247 gold pieces.


Innate Abilities, Weirdness & Mutations

You are immune to sickness and miasma.
You are immune to poison.
Your flesh is very heat resistant. (rF++)
You are vulnerable to cold. (rC-)
You float through the air rather than walking.
You learn spells naturally, not from books.
Your magical power is your life essence.
You have superior vitality. (+4 MHP)


   Skills:
 - Level 5.6 Fighting
 + Level 7.1 Ranged Weapons
 - Level 2.1 Armour
 - Level 4.0 Dodging
 - Level 0.7 Stealth
 - Level 4.0 Invocations


You knew the following spells:

 Your Spells              Type           Power      Damage    Failure   Level
a - Necrotise             Necr           0%         1d4       65%         1
b - Blink                 Tloc           0%         N/A       80%         2
c - Scorch                Fire           0%         2d5       80%         2
d - Teleport Other        Tloc           0%         N/A       95%         3
Your spell library was empty.

Inventory:

Hand Weapons
 a - a +1 shortbow (weapon)
Armour
 l - a +1 helmet (worn)
 p - the +3 ring mail of Skepticism (worn) {*Corrode rElec rC+}
   (You found it on level 3 of the Dungeon)

   rC+:       It protects you from cold.
   rElec:     It insulates you from electricity.
   *Corrode:  It may corrode you when you take damage.
Jewellery
 c - the amulet of Paumix (around neck) {Acrobat rElec}
   (You acquired it on level 2 of the Dungeon)

   [amulet of the acrobat]

   Acrobat:   It increases your evasion while moving and waiting.
   rElec:     It insulates you from electricity.
 d - a ring of willpower (left hand)
Wands
 n - a wand of mindburst (9)
 o - a wand of polymorph (13)
Potions
 b - a potion of haste
 g - a potion of cancellation
 h - a potion of resistance
 m - 2 potions of might
 q - a potion of enlightenment {unknown}

Dungeon Overview and Level Annotations

Branches:
Dungeon (7/15)             Temple (1/1) D:4

Altars:
Ashenzari
Cheibriados
Dithmenos
Elyvilon
Fedhas
Gozag
Hepliaklqana
Makhleb
Nemelex Xobeh
Okawaru
Qazlal
Ru
Trog
Uskayaw
Wu Jian
Xom
Yredelemnul
Zin
The Shining One

Shops:
D:2 *   D:3 [

Annotations:
D:4 3 runed translucent doors, qw's ghost, amateur GrHu


Message History

The arrow hits the orc warrior.
The orc warrior is moderately wounded.
You shoot an arrow. The arrow closely misses the orc.
You hear the slow hiss of a distant avalanche of sand.
You shoot an arrow.
The arrow barely misses the orc warrior.
An orc wizard comes into view. It is wielding a +0 dagger.
You shoot an arrow. The orc wizard shouts!
The arrow hits the orc warrior.
The orc warrior is moderately wounded.
You shoot an arrow.
The arrow completely misses the orc warrior.
An orc priest comes into view. It is wielding a +0 morningstar.
The orc warrior hits you with a +0 quarterstaff!
You shoot an arrow. The orc priest shouts!
The arrow hits the orc warrior but does no damage.
The orc warrior is moderately wounded.
The orc hits you with a +0 mace.
The orc warrior hits you with a +0 quarterstaff!
You shoot an arrow.
The arrow barely misses the orc warrior.
The orc barely misses you.
An orc comes into view. It is wielding a +1 dagger of venom.
The orc warrior hits you with a +0 quarterstaff!
You shoot an arrow. The orc shouts!
The arrow hits the orc warrior but does no damage.
The orc warrior is moderately wounded.
The orc barely misses you.
The orc priest calls down the wrath of Beogh upon you.
Beogh smites you!
The orc warrior hits you with a +0 quarterstaff!
You shoot an arrow.
The arrow hits the orc warrior but does no damage.
The orc warrior is moderately wounded.
The orc priest calls down the wrath of Beogh upon you.
Beogh smites you!
You die...

#.....
..... ....
... >o #
#.######
#.#......##
#..#oo....#
#.o@######
..........#
...######.#
.. ... ##.
.. .


You could see an orc warrior, an orc priest, an orc wizard and an orc.

Vanquished Creatures
  A steam dragon (D:7)
  Menkaure (D:4)
  A centaur (D:5)
  A phantom (D:6)
  A bullfrog (D:6)
  2 scorpions (D:5)
  9 hounds
  3 bombardier beetles
  4 orc priests
  A jelly (D:5)
  5 iguanas
  Natasha (D:3)
  5 orc wizards
  A gnoll (D:1)
  8 adders
  2 shadow imps
  2 ufetubi (D:6)
  2 ribbon worms
  2 dart slugs
  12 orcs
  4 ball pythons
  6 endoplasms
  3 giant cockroaches
  9 goblins
  7 hobgoblins
  2 jackals (D:1)
  5 kobolds
  A quokka (D:1)
  7 bats
  A frilled lizard (D:1)
  6 rats
115 creatures vanquished.

Notes
Turn   | Place    | Note
-------+----------+-------------------------------------------
     0 | D:1      | qw the Djinni Hunter began the quest for the Orb.
     0 | D:1      | Reached XP level 1. HP: 18/18 MP: 0/0
     0 | D:1      | 0 ||| qw: Version: 0.3-a-136-gdd3b4e8
     0 | D:1      | 0 ||| qw: Game counter: 1206
     0 | D:1      | 0 ||| qw: Melee chars always use a shield: true
     0 | D:1      | 0 ||| qw: God list: Okawaru
     0 | D:1      | 0 ||| qw: Allow faded altars: false
     0 | D:1      | 0 ||| qw: Do Orc after clearing Dungeon:15 true
     0 | D:1      | 0 ||| qw: Do second Lair branch before Depths: true
     0 | D:1      | 0 ||| qw: Lair rune preference: random
     0 | D:1      | 0 ||| qw: Goals: Normal
     0 | D:1      | 0 ||| PLANNING D:1-11
    55 | D:1      | Reached XP level 2. HP: 23/23 MP: 0/0
   155 | D:1      | Reached skill level 4 in Ranged Weapons
   155 | D:1      | Reached XP level 3. HP: 27/28 MP: 0/0
   155 | D:1      | Learned a level 1 spell: Necrotise
   852 | D:1      | 852 ||| READING scroll labelled ZALALE RECE.
   853 | D:1      | 853 ||| READING scroll labelled PIHIEL PAMM.
   854 | D:1      | 854 ||| READING scroll labelled MOESUFIBAL.
   855 | D:1      | 855 ||| DROPPING scroll of butterflies.
   907 | D:2      | 907 ||| FLEEEEING.
   908 | D:2      | 908 ||| FLEEEEING.
   910 | D:2      | 910 ||| FLEEEEING.
   972 | D:2      | Found Onwa's General Store.
   979 | D:2      | 979 ||| SHOPLISTING +0 leather armour of cold resistance
                  | (126 gold, have 24).
   979 | D:2      | 979 ||| SHOPLISTING +4 ring of protection (504 gold, have
                  | 24).
   979 | D:2      | 979 ||| SHOPLISTING scroll of enchant armour (105 gold,
                  | have 24).
   979 | D:2      | 979 ||| SHOPLISTING scroll of identify (28 gold, have 24).
   979 | D:2      | 979 ||| SHOPLISTING scroll of teleportation (42 gold, have
                  | 24).
  1107 | D:2      | Reached skill level 3 in Fighting
  1107 | D:2      | Reached XP level 4. HP: 33/35 MP: 0/0
  1343 | D:2      | Reached skill level 3 in Dodging
  1579 | D:2      | 1579 ||| UPGRADING to +0 ring mail.
  1589 | D:2      | 1589 ||| DROPPING +0 leather armour.
  1590 | D:2      | 1590 ||| READING scroll labelled NUTAIS LUNG.
  1590 | D:2      | Identified a scroll of acquirement
  1590 | D:2      | 1590 ||| ACQUIRING amulet of Paumix {Acrobat rElec}
  1590 | D:2      | Acquired the amulet of Paumix {Acrobat rElec}
  1592 | D:2      | 1592 ||| UPGRADING to amulet of Paumix {Acrobat rElec}.
  1597 | D:2      | 1597 ||| DRINKING 2 smoky pink potions.
  1598 | D:2      | 1598 ||| DROPPING potion of degeneration.
  1650 | D:3      | Found Qoxtun's Armour Emporium.
  1664 | D:3      | 1664 ||| SHOPLISTING +1 helmet (149 gold, have 83).
  1664 | D:3      | 1664 ||| SHOPLISTING +1 ring mail of the Desert {rPois
                  | rCorr Slay-3} (171 gold, have 83).
  1664 | D:3      | 1664 ||| SHOPLISTING +1 robe of the Ward {Dex+4} (274 gold,
                  | have 83).
  1664 | D:3      | 1664 ||| SHOPLISTING +4 ring mail of fire resistance (403
                  | gold, have 83).
  1664 | D:3      | 1664 ||| SHOPLISTING +5 leather armour of the Monk {Str+2
                  | SInv} (551 gold, have 83).
  1825 | D:3      | Found an opulent altar of Gozag.
  1835 | D:3      | Identified the +3 ring mail of Skepticism {*Corrode rElec
                  | rC+}
  1951 | D:3      | Noticed Natasha
  1961 | D:3      | Killed Natasha
  1962 | D:3      | Reached skill level 1 in Armour
  1962 | D:3      | Reached XP level 5. HP: 37/40 MP: 0/0
  1962 | D:3      | Learned a level 2 spell: Blink
  2061 | D:3      | 2061 ||| UPGRADING to +0 helmet.
  2066 | D:3      | 2066 ||| UPGRADING to +3 ring mail of Skepticism {*Corrode
                  | rElec rC+}.
  2076 | D:3      | 2076 ||| DROPPING +0 ring mail.
  2077 | D:3      | 2077 ||| READING 2 scrolls labelled YPSEIKLYCKEI.
  2077 | D:3      | 2077 ||| IDENTIFYING fizzy emerald potion
  2078 | D:3      | 2078 ||| READING scroll of identify.
  2078 | D:3      | 2078 ||| IDENTIFYING black potion
  2079 | D:3      | 2079 ||| DRINKING 2 bubbling green potions.
  2080 | D:3      | 2080 ||| DRINKING 2 bubbling dark potions.
  2081 | D:3      | 2081 ||| DROPPING potion of ambrosia.
  2209 | D:4      | Found a staircase to the Ecumenical Temple.
  2210 | D:4      | 2210 ||| PLANNING TEMPLE
  2210 | D:4      | 2210 ||| READING 3 scrolls of identify.
  2210 | D:4      | 2210 ||| IDENTIFYING sapphire potion
  2211 | D:4      | 2211 ||| READING 2 scrolls of identify.
  2211 | D:4      | 2211 ||| IDENTIFYING green potion
  2212 | D:4      | 2212 ||| READING scroll of identify.
  2212 | D:4      | 2212 ||| IDENTIFYING viscous coppery potion
  2213 | D:4      | 2213 ||| DRINKING 2 yellow potions.
  2214 | D:4      | 2214 ||| DROPPING potion of attraction.
  2215 | D:4      | 2215 ||| DROPPING potion of brilliance.
  2250 | Temple   | Found a transporter.
  2250 | Temple   | Found a transporter.
  2250 | Temple   | Found a transporter.
  2250 | Temple   | Found a transporter.
  2250 | Temple   | Entered the Ecumenical Temple
  2251 | Temple   | 2251 ||| PLANNING D:1-11
  2271 | Temple   | 2271 ||| PLANNING OKAWARU WORSHIP
  2275 | Temple   | Became a worshipper of Warmaster Okawaru
  2276 | Temple   | 2276 ||| PLANNING D:1-11
  2467 | D:4      | Found a runed translucent gate.
  2467 | D:4      | Noticed a water moccasin
  2468 | D:4      | Found a runed translucent gate.
  2468 | D:4      | Found a runed translucent gate.
  2468 | D:4      | Noticed qw's ghost (amateur GrHu)
  2501 | D:4      | Noticed Menkaure
  2502 | D:4      | 2502 ||| DRINKING 2 potions of haste.
  2508 | D:4      | 2508 ||| ZAPPING wand of mindburst (13) at 0,1 (Menkaure;
                  | floor).
  2509 | D:4      | 2509 ||| ZAPPING wand of mindburst (12) at 0,1 (Menkaure;
                  | floor).
  2510 | D:4      | 2510 ||| ZAPPING wand of mindburst (11) at 0,1 (Menkaure;
                  | floor).
  2511 | D:4      | 2511 ||| ZAPPING wand of mindburst (10) at 0,1 (Menkaure;
                  | floor).
  2511 | D:4      | Killed Menkaure
  2512 | D:4      | Reached skill level 5 in Ranged Weapons
  2512 | D:4      | Reached XP level 6. HP: 41/46 MP: 0/0
  2599 | D:4      | You are sucked into a shaft and drop 2 floors!
  2637 | D:6      | Reached XP level 7. HP: 43/52 MP: 0/0
  2637 | D:6      | Learned a level 2 spell: Scorch
  2722 | D:6      | 2722 ||| UPGRADING to ring of willpower.
  2737 | D:6      | 2737 ||| RETREEEEATING.
  2756 | D:6      | Reached skill level 6 in Ranged Weapons
  2766 | D:6      | Reached * piety under Okawaru
  2812 | D:5      | Entered Level 5 of the Dungeon
  2825 | D:5      | Reached skill level 1 in Invocations
  2846 | D:5      | Reached XP level 8. HP: 43/58 MP: 0/0
  2925 | D:5      | 2925 ||| RETREEEEATING.
  2941 | D:5      | HP: 9/58 [orc priest/divine providence (11)]
  2942 | D:5      | 2942 ||| DRINKING potion of heal wounds.
  2971 | D:5      | HP: 12/58 [orc/+0 hand axe (3)]
  2977 | D:5      | HP: 12/58 [orc/+0 hand axe (2)]
  3186 | D:5      | Reached skill level 3 in Invocations
  3397 | D:5      | Reached ** piety under Okawaru
  3409 | D:5      | 3409 ||| READING 2 scrolls labelled RAEZIM HUYDERI.
  3410 | D:5      | 3410 ||| READING scroll labelled VYCVON MEUSORCH.
  3411 | D:5      | 3411 ||| READING scroll labelled KOTOYSCH WEYL.
  3415 | D:5      | Found a burning altar of Makhleb.
  3450 | D:5      | Found a sparkling altar of Nemelex Xobeh.
  3451 | D:5      | 3451 ||| READING scroll labelled VOOSKOUTOSCH.
  3452 | D:5      | 3452 ||| DROPPING scroll of immolation.
  3556 | D:4      | Identified the +2 quarterstaff of the Wraith {spect, rC+
                  | Will+ Str-2}
  3688 | D:4      | 3688 ||| READING scroll labelled VAAFOC VENESOG.
  3688 | D:4      | 3688 ||| ENCHANTING +0 shortbow.
  4161 | D:6      | Reached skill level 7 in Ranged Weapons
  4383 | D:6      | Reached XP level 9. HP: 52/63 MP: 0/0
  4383 | D:6      | Learned a level 3 spell: Teleport Other
  4487 | D:6      | 4487 ||| READING scroll labelled SUAJAFA HEDEL.
  4487 | D:6      | 4487 ||| ENCHANTING +0 helmet.
  4503 | D:7      | 4503 ||| PLANNING OSSUARY
  4503 | D:7      | 4503 ||| STAIRDANCE
  4601 | D:7      | HP: 10/65 [orc warrior/+0 quarterstaff (7)]
  4602 | D:7      | Killed from afar by an orc priest

Levels and vault maps discovered:
D:1:      dpeg_arrival_central, layout_basic, interstate_on_off
D:2:      layout_basic, serial_shops, nicolae_shop_tiny_statue_garden
D:3:      layout_rooms, nicolae_gozag_cash_rules_everything_around_me,
          serial_shops, shop, minmay_goblin_kobold_house, uniq_natasha
D:4:      layout_basic, minmay_temple_entry_gardened_gates,
          gammafunk_ghost_split, minmay_misc_feat_diagonals, uniq_menkaure
D:5:      layout_basic, mainiacjoe_overflow_two_lobes
D:6:      layout_rooms
D:7:      layout_rooms, serial_shops, shop, nicolae_ossuary_entry_giza,
          serial_aquarium, aquarium_bridge_straight [aquarium_subvault_bridge,
          aquarium_subvault_wall, aquarium_subvault_bridge,
          aquarium_subvault_window], aquarium_window_fake,
          aquarium_window_corridor_1, aquarium_view_2a
Temple:   hellmonk_temple_divided_pantheon

Skill      XL: |  1  2  3  4  5  6  7  8  9 |
---------------+----------------------------+-----
Ranged Weapons | 4 5 6 7 |  7.1
Fighting       | 3 4 5 |  5.6
Dodging        | 3 4 |  4.0
Armour         | 1 2 |  2.1
Invocations    | 1 4 |  4.0
Stealth        | |  0.7

Action                     |  1- 3 |  4- 6 |  7- 9 || total
---------------------------+-------+-------+-------++-------
   Fire: Shortbow          |    96 |   152 |   303 ||   551
  Evoke: Wand              |       |     4 |       ||     4
    Use: Scroll            |     3 |     6 |     6 ||    15
         Potion            |       |     5 |     1 ||     6
 Armour: Leather armour    |    29 |     6 |       ||    35
         Ring mail         |       |    49 |   183 ||   232
  Dodge: Dodged            |    23 |    48 |   146 ||   217

Table legend:
 A = Non-vault XP
 B = Vault XP
 C = Vault XP percentage of total XP
 D = Non-vault monster count
 E = Vault monster count
 F = Vault count percentage of total count
                 A         B        C        D         E       F
            +---------+---------+-------+---------+---------+-------
      Total |    2042 |     209 |   9.3 |     111 |       4 |   3.5
            +---------+---------+-------+---------+---------+-------
        D:1 |      51 |       0 |   0.0 |      23 |       0 |   0.0
        D:2 |      70 |       0 |   0.0 |      17 |       0 |   0.0
        D:3 |      15 |      37 |  71.2 |       8 |       3 |  27.3
        D:4 |      95 |     172 |  64.4 |      18 |       1 |   5.3
        D:5 |     777 |       0 |   0.0 |      20 |       0 |   0.0
        D:6 |     811 |       0 |   0.0 |      23 |       0 |   0.0
        D:7 |     223 |       0 |   0.0 |       2 |       0 |   0.0
            +---------+---------+-------+---------+---------+-------
